 Dungeon Crawl Stone Soup version 0.29-a0-1052-g6990b1bffc (webtiles) character file.

Game seed: 14395637458022487341

10150 zazu2006 the Covert (level 11, -8/94 HPs)
             Began as a Naga Hedge Wizard on July 30, 2022.
             Was a Believer of Vehumet.
             Succumbed to a green very ugly thing's poison
             ... on level 1 of the Abyss on Aug 17, 2022.
             The game lasted 00:34:06 (14218 turns).

zazu2006 the Covert (Naga Hedge Wizard)            Turns: 14218, Time: 00:34:07

Health: -8/94      AC:  9    Str: 14      XL:     11   Next: 57%
Magic:  12/31      EV: 10    Int: 21      God:    Vehumet [**....]
Gold:   1893       SH:  4    Dex: 10 (11) Spells: 15/24 levels left

rFire   . . .      SeeInvis +   C - +0 scimitar (elec)
rCold   + . .      Faith    .   L - +0 buckler
rNeg    . . .      Spirit   .   A - +2 robe of Xoczoups {rCorr Int+4}
rPois   +          Reflect  .   z - +1 helmet
rElec   .          Harm     .   f - +0 cloak
rCorr   +          Rampage  .   (no gloves)
Will    +....                   (no barding)
Stlth   ++++......              (no amulet)
HPRegen 0.25/turn               o - ring of magical power
MPRegen 0.22/turn               j - ring of protection from cold

@: lethally poisoned (-8 -> -106), on blink cooldown, very slow
A: AC +3, large, see invisible, deformed body, poison resistance, slowness 2,
spit poison 1, naga tail 1
a: Spit Poison, Renounce Religion


You were on level 1 of the Abyss.
You worshipped Vehumet.
Vehumet was pleased with you.
You visited 2 branches of the dungeon, and saw 11 of its levels.
You visited the Abyss 1 time.

You collected 1893 gold pieces.

Inventory:

Hand Weapons
 a - a +0 dagger
 b - the +5 spear "Vurak" {freeze, Fly rPois rF- Will+}
   (You found it on level 5 of the Dungeon)

   It freezes those it strikes, dealing additional cold damage.
   It can also slow down cold-blooded creatures.
   rF:        It makes you vulnerable to fire.
   rPois:     It protects you from poison.
   Fly:       It grants you flight.
   Will:      It increases your willpower.
 u - a +0 falchion
 y - a +0 scimitar of flaming
 C - a +0 scimitar of electrocution (weapon)
Missiles
 q - 31 poisoned darts
Armour
 f - a +0 cloak (worn)
 m - +0 steam dragon scales
 z - a +1 helmet (worn)
 A - the +2 robe of Xoczoups (worn) {rCorr Int+4}
   (You took it off an orc wizard on level 4 of the Dungeon)

   Int:       It affects your intelligence (+4).
   rCorr:     It protects you from acid and corrosion.
 L - a +0 buckler (worn)
Jewellery
 c - an amulet of regeneration
 h - a +6 ring of strength
 j - a ring of protection from cold (right hand)
 l - a ring of positive energy
 o - a ring of magical power (left hand)
 F - a ring of positive energy
 H - a ring of ice
Wands
 g - a wand of mindburst (19)
 r - a wand of digging (5)
 P - a wand of polymorph (8)
 R - a wand of flame (5)
Scrolls
 e - 2 scrolls of vulnerability
 k - 4 scrolls of enchant armour
 s - a scroll of magic mapping
 x - 3 scrolls of brand weapon
 E - a scroll of silence {unknown}
 K - a scroll of fear {unknown}
 M - a scroll of poison {unknown}
 N - 2 scrolls of enchant weapon {unknown}
 Q - a scroll of identify
 S - a scroll of immolation
Potions
 d - a potion of magic
 i - a potion of berserk rage
 n - 2 potions of attraction
 p - a potion of haste
 t - a potion of flight
 G - a potion of cancellation
 I - a potion of lignification {unknown}
 J - a potion of brilliance {unknown}
 O - a potion of degeneration {unknown}


   Skills:
 + Level 5.0 Fighting
 + Level 8.1 Long Blades
 + Level 4.6 Dodging
 + Level 9.1 Stealth
 + Level 4.1 Shields
 + Level 7.4 Spellcasting
 + Level 7.1 Conjurations
 + Level 1.0 Summonings
 + Level 1.0 Translocations
 + Level 0.4 Fire Magic
 + Level 2.7 Air Magic
 + Level 7.1 Poison Magic
 + Level 1.2 Evocations


You had 15 spell levels left.
You knew the following spells:

 Your Spells              Type           Power      Damage    Failure   Level
a - Magic Dart            Conj           100%       1d8       1%          1
b - Mephitic Cloud        Conj/Pois/Air  31%        N/A       3%          3
c - Conjure Flame         Conj/Fire      23%        6-21      7%          3
d - Blink                 Tloc           24%        N/A       11%         2

Your spell library contained the following spells:

 Spells                   Type           Power      Damage    Failure   Level
 Scorch                   Fire           18%        2d5       13%         2
 Poisonous Vapours        Pois/Air       56%        N/A       1%          2
 Sting                    Tmut/Pois      88%        1d7       2%          1
 Olgreb's Toxic Radiance  Pois           37%        N/A       5%          4
 Slow                     Hex            28%        N/A       11%         1
 Call Imp                 Summ           12%        N/A       11%         2
 Gell's Gravitas          Tloc           12%        N/A       21%         3
 Lesser Beckoning         Tloc           12%        N/A       21%         3
 Teleport Other           Tloc           12%        N/A       21%         3


Dungeon Overview and Level Annotations

Branches:
Dungeon (10/15)            Temple (1/1) D:7            Lair (0/5) D:9
    Orc (0/2) D:9

Altars:
Cheibriados
Dithmenos
Elyvilon
Fedhas
Gozag
Hepliaklqana
Kikubaaqudgha
Makhleb
Nemelex Xobeh
Okawaru
Qazlal
Ru
Sif Muna
Trog
Uskayaw
Vehumet
Wu Jian
Xom
Yredelemnul
Zin
The Shining One

Shops:
D:8 [


Innate Abilities, Weirdness & Mutations

Your serpentine skin is tough. (AC +3)
You have supernaturally acute eyesight. (SInv)
Armour fits poorly on your strangely shaped body.
Your system is resistant to poisons. (rPois)
You cover ground very slowly.
You can spit poison.
You have a snake-like lower body.


Message History

Unknown command.
Casting: Blink (safe; 11% risk of failure)
Confirm with . or Enter, or press ? or * to list all spells.
Aiming: Mephitic Cloud (mildly dangerous; 3% risk of failure)
Press: ? - help, Shift-Dir - straight line, f - red very ugly thing
Aim: a red very ugly thing (chance to affect: 15%)
The ball explodes into a vile cloud!
The stinking cloud engulfs the red very ugly thing but does no damage.
You hear a shout!
The red very ugly thing is engulfed in noxious fumes.
Unknown command.
Casting: Mephitic Cloud (mildly dangerous; 3% risk of failure)
Confirm with . or Enter, or press ? or * to list all spells.
Aiming: Mephitic Cloud (mildly dangerous; 3% risk of failure)
Press: ? - help, Shift-Dir - straight line, f/p - red very ugly thing
Aim: a red very ugly thing (chance to affect: 15%)
The ball explodes into a vile cloud!
The stinking cloud engulfs the red very ugly thing but does no damage.
The red very ugly thing is engulfed in noxious fumes.
The red very ugly thing appears confused.
Unknown command.
Unknown command.
You feel better.
It was a potion of heal wounds.
You feel much better. The red very ugly thing stings you!!
* * * LOW HITPOINT WARNING * * *
Okay, then.
Okay, then.
Okay, then.
Okay, then.
Casting: Mephitic Cloud (mildly dangerous; 3% risk of failure)
Confirm with . or Enter, or press ? or * to list all spells.
You blink.
The green very ugly thing trunk-slaps you!
* * * LOW HITPOINT WARNING * * *
You are lethally poisoned!
The green very ugly thing poisons you!
You barely miss the green very ugly thing.
The green very ugly thing is severely wounded.
You die...

###.
..#..
.... ...#
..# #.##
##...##
#@u...#
###☼##.##
#..#.
#u####
###


You could see 2 very ugly things.

Vanquished Creatures
  Erica (D:9)
  3 two-headed ogres
  Maurice (D:8)
  Joseph (D:7)
  3 kobold demonologists (D:9)
  Maggie (D:8)
  Psyche (D:9)
  Grinder (D:5)
  A hornet (D:9)
  2 wyverns
  A steam dragon (D:8)
  Menkaure (D:7)
  A harpy simulacrum (Abyss:1)
  A water moccasin (D:9)
  A black bear (D:8)
  2 orc warriors (D:9)
  An ice beast (D:6)
  An ogre (D:9)
  A centaur (D:5)
  6 kobold brigands
  3 phantoms (D:5)
  3 bullfrogs
  A necrophage (D:7)
  A gnoll sergeant (D:10)
  2 water moccasin zombies (D:5)
  12 wights
  A small abomination (Abyss:1)
  13 killer bees (D:9)
  4 howler monkeys
  A bullfrog zombie (D:5)
  3 hounds
  3 bullfrog skeletons (D:5)
  3 orc priests
  Jessica (D:3)
  2 scorpion zombies (D:5)
  2 iguanas
  7 orc wizards
  A killer bee zombie (D:5)
  2 hound zombies (D:5)
  A hound skeleton (D:5)
  A howler monkey zombie (D:5)
  10 gnolls
  10 adders
  An ufetubus (D:5)
  2 adder zombies (D:5)
  An adder skeleton (D:5)
  A worm (D:2)
  4 dart slugs
  34 orcs
  4 bats
  4 endoplasms
  4 giant cockroaches
  10 hobgoblins
  8 jackals (D:1)
  23 kobolds
  2 quokkas
  6 ball pythons
  7 frilled lizards
  10 goblins
  3 rats
242 creatures vanquished.

Vanquished Creatures (collateral kills)
  2 worldbinders (Abyss:1)
  A killer bee (D:9)
  A small abomination (Abyss:1)
4 creatures vanquished.

Vanquished Creatures (others)
  3 starspawn tentacles (Abyss:1)
  4 withered plants (D:5)
7 creatures vanquished.

Grand Total: 253 creatures vanquished

Notes
Turn   | Place    | Note
-------+----------+-------------------------------------------
     0 | D:1      | zazu2006 the Naga Hedge Wizard began the quest for the Orb.
     0 | D:1      | Reached XP level 1. HP: 15/15 MP: 4/4
   476 | D:1      | Reached XP level 2. HP: 22/22 MP: 4/6
  1208 | D:1      | Reached XP level 3. HP: 28/28 MP: 5/7
  1754 | D:1      | Learned a level 3 spell: Mephitic Cloud
  1758 | D:1      | Learned a level 3 spell: Conjure Flame
  1761 | D:1      | Learned a level 2 spell: Blink
  2075 | D:2      | Reached XP level 4. HP: 36/36 MP: 6/9
  2115 | D:2      | Found an iron altar of Okawaru.
  2261 | D:2      | Reached skill level 1 in Poison Magic
  2537 | D:2      | Found a faded altar of an unknown god.
  2554 | D:2      | Reached XP level 5. HP: 18/43 MP: 4/11
  3218 | D:3      | Noticed Jessica
  3225 | D:3      | Killed Jessica
  3604 | D:2      | Upgraded the game from 0.29-a0-925-g0a7a3d12f8 to
                  | 0.29-a0-1047-g7c58e119a4
  3799 | D:3      | Reached XP level 6. HP: 50/50 MP: 0/12
  4910 | D:4      | Identified the +2 robe of Xoczoups {rCorr Int+4}
  5480 | D:4      | Found a shimmering altar of Xom.
  5483 | D:4      | Found a blossoming altar of Fedhas.
  5509 | D:4      | Found an iron altar of Okawaru.
  5512 | D:4      | Found a stormy altar of Qazlal.
  5774 | D:5      | Entered Level 5 of the Dungeon
  5780 | D:5      | Noticed Grinder
  5803 | D:5      | Killed Grinder
  5804 | D:5      | Reached skill level 1 in Fighting
  5804 | D:5      | Reached skill level 1 in Long Blades
  5804 | D:5      | Reached skill level 4 in Stealth
  5804 | D:5      | Reached XP level 7. HP: 48/57 MP: 14/14
  5989 | D:5      | Reached skill level 5 in Spellcasting
  5989 | D:5      | Reached skill level 1 in Evocations
  6199 | D:5      | Reached XP level 8. HP: 33/64 MP: 11/15
  6333 | D:5      | Reached skill level 5 in Poison Magic
  6975 | D:5      | Identified the +5 spear "Vurak" {freeze, Fly rPois rF-
                  | Will+}
  8535 | D:6      | Upgraded the game from 0.29-a0-1047-g7c58e119a4 to
                  | 0.29-a0-1052-g6990b1bffc
  8567 | D:7      | Found a staircase to the Ecumenical Temple.
  8579 | D:7      | Noticed Menkaure
  8759 | D:7      | Reached XP level 9. HP: 74/74 MP: 17/17
  8789 | D:7      | Reached skill level 5 in Conjurations
  8793 | D:7      | Reached skill level 1 in Shields
  9203 | D:7      | Noticed Joseph
  9237 | D:7      | Killed Joseph
  9408 | Temple   | Entered the Ecumenical Temple
  9471 | Temple   | Became a worshipper of Vehumet
  9487 | Temple   | Identified a scroll of acquirement
  9487 | Temple   | Acquired 1312 gold pieces
  9828 | D:8      | Found Evaid's Armour Shoppe.
 10100 | D:8      | Noticed a two-headed ogre
 10502 | D:8      | Reached skill level 1 in Air Magic
 10576 | D:8      | Reached skill level 5 in Stealth
 10775 | D:8      | Noticed Maurice
 10804 | D:8      | Killed a two-headed ogre
 10805 | D:8      | Reached XP level 10. HP: 49/84 MP: 7/20
 10809 | D:8      | Killed Maurice
 10810 | D:8      | Reached skill level 5 in Long Blades
 11047 | D:8      | Noticed Maggie
 11055 | D:8      | Killed Maggie
 11056 | D:8      | Reached skill level 6 in Stealth
 11429 | D:9      | Noticed a kobold demonologist
 11577 | D:9      | Noticed Erica
 11596 | D:9      | Killed Erica
 11812 | D:9      | Noticed a smoke demon
 11819 | D:9      | Reached * piety under Vehumet
 11819 | D:9      | Offered knowledge of Shock by Vehumet.
 11829 | D:9      | Noticed a kobold demonologist
 11832 | D:9      | Noticed a kobold demonologist
 11842 | D:9      | Noticed a smoke demon
 11851 | D:9      | Killed a kobold demonologist
 11852 | D:9      | Reached skill level 7 in Stealth
 11856 | D:9      | Killed a kobold demonologist
 11874 | D:9      | Killed a kobold demonologist
 11926 | D:9      | Noticed a two-headed ogre
 11942 | D:9      | Killed a two-headed ogre
 11943 | D:9      | Reached skill level 8 in Stealth
 11943 | D:9      | Reached XP level 11. HP: 69/93 MP: 21/21
 12115 | D:9      | Found a staircase to the Orcish Mines.
 12351 | D:9      | Reached ** piety under Vehumet
 12351 | D:9      | Offered knowledge of Scorch by Vehumet.
 12452 | D:9      | Found a glowing golden altar of the Shining One.
 12453 | D:9      | Found a white marble altar of Elyvilon.
 12455 | D:9      | Found a glowing silver altar of Zin.
 12490 | D:9      | Found a staircase to the Lair.
 12682 | D:9      | Noticed Psyche
 12713 | D:9      | Killed Psyche
 13240 | D:7      | Found an ornate altar of the Wu Jian Council.
 13307 | D:7      | Killed Menkaure
 13351 | D:10     | Entered Level 10 of the Dungeon
 13574 | D:10     | Noticed a two-headed ogre
 13593 | D:10     | Killed a two-headed ogre
 14100 | Abyss:1  | Cast into level 1 of the Abyss (kobold)
 14131 | Abyss:1  | Noticed a worldbinder
 14134 | Abyss:1  | Noticed a worldbinder
 14136 | Abyss:1  | Noticed a wolf spider
 14136 | Abyss:1  | Noticed a deep elf knight
 14136 | Abyss:1  | Noticed a deep elf zephyrmancer
 14136 | Abyss:1  | Killed a worldbinder
 14137 | Abyss:1  | Reached skill level 9 in Stealth
 14138 | Abyss:1  | Noticed a wolf spider
 14140 | Abyss:1  | Noticed an orb spider
 14140 | Abyss:1  | Noticed an orb spider
 14140 | Abyss:1  | Noticed a wolf spider
 14143 | Abyss:1  | Killed a worldbinder
 14144 | Abyss:1  | Reached skill level 5 in Fighting
 14152 | Abyss:1  | Noticed a red very ugly thing
 14166 | Abyss:1  | Noticed a red very ugly thing
 14218 | Abyss:1  | Succumbed to a green very ugly thing's poison

Illustrated notes

Levels and vault maps discovered:
D:1:      heliophobic_arrival_dark_side_of_the_moon, layout_loops_corners,
          minmay_misc_feat_more_columns
D:2:      layout_basic, basic_altar, basic_ecumenical_altar
D:3:      layout_loops_ring, chequers_hall_statues_corner_a, uniq_jessica
D:4:      layout_loops_cross, grunt_temple_overflow_cloverleaf
D:5:      layout_loops_ring, serial_undead, serial_undead_f, serial_undead_d,
          serial_undead_c, serial_undead_a, serial_undead_e, serial_undead_d,
          hangedman_abyss_or_decor_passed, uniq_grinder
D:6:      layout_loops_ring, dreamdust_mushroom_princess
D:7:      layout_loops_ring, nicolae_wu_jian_immortal_techniques,
          minmay_temple_entry_grid, uniq_joseph, uniq_menkaure
D:8:      layout_loops_ring, serial_shops, nicolae_stop_n_shop_2,
          kennysheep_another_room, nicolae_elevator_lobby_asterisk, uniq_maggie,
          uniq_maurice
D:9:      layout_small_grid, good_gods_mini_temple, lair_entry_dummy,
          erik_orc_3, uniq_psyche, uniq_erica
D:10:     layout_layer_cave, special_room [special_room_bee]
Temple:   nicolae_temple_great_sept
Abyss:1:  base:
D:4

Skill      XL: |  1  2  3  4  5  6  7  8  9 10 11 |
---------------+----------------------------------+-----
Dodging        | 2 3 4 |  4.6
Spellcasting   | 4 5 6 7 |  7.4
Conjurations   | 2 3 4 6 7 |  7.1
Poison Magic   | 1 3 4 5 6 7 |  7.1
Fighting       | 1 2 3 4 5 |  5.0
Long Blades    | 1 2 4 7 8 |  8.1
Stealth        | 4 5 8 9 |  9.1
Evocations     | 1 |  1.2
Shields        | 3 4 |  4.1
Air Magic      | 1 2 |  2.7
Summonings     | |  1.0
Translocations | |  1.0
Fire Magic     | |  0.4

Action                   |  1- 3 |  4- 6 |  7- 9 | 10-12 || total
-------------------------+-------+-------+-------+-------++-------
Melee: Dagger            |    30 |    23 |       |       ||    53
       Punch             |       |     3 |     1 |       ||     4
       Falchion          |       |    28 |   118 |       ||   146
       Scimitar          |       |       |    51 |   279 ||   330
 Cast: Magic Dart        |    74 |   131 |   207 |    29 ||   441
       Mephitic Cloud    |       |    12 |    16 |    37 ||    65
       Blink             |       |       |     2 |     2 ||     4
       Conjure Flame     |       |       |    14 |     3 ||    17
 Abil: Spit Poison       |    17 |    34 |    12 |     7 ||    70
Evoke: Wand              |       |     9 |     5 |     1 ||    15
  Use: Scroll            |       |       |    11 |     8 ||    19
       Potion            |       |       |       |     4 ||     4
 Stab: Sleeping          |     1 |       |     1 |     4 ||     6
       Confused          |       |     5 |     6 |    18 ||    29
Armor: Robe              |     6 |    10 |   103 |    93 ||   212
Dodge: Dodged            |    32 |    52 |   155 |   101 ||   340
Block: Buckler           |       |       |       |    47 ||    47

Table legend: (Time is in decaauts)
 A = Elapsed time spent in this place.
 B = Non-inter-level travel time spent in this place.
 C = Inter-level travel time spent in this place.
 D = Time resting spent in this place.
 E = Time spent auto-exploring this place.
 F = Levels seen in this place.
 G = Mean time per level.
                   A        B        C        D        E       F      G
               +--------+--------+--------+--------+--------+-----+--------+
         Total |  16778 |  16305 |    473 |   1416 |  11998 |  12 | 1398.2 |
       Dungeon |  16519 |  16065 |    454 |   1416 |  11930 |  10 | 1651.9 |
        Temple |    109 |     91 |     18 |      0 |     68 |   1 |  109.0 |
         Abyss |    149 |    149 |      0 |      0 |      0 |   1 |  149.0 |
               +--------+--------+--------+--------+--------+-----+--------+

Top non-repeatable levels by time:
     D:1: 2112 daAuts
     D:5: 2093 daAuts
     D:8: 2001 daAuts
     D:7: 1858 daAuts
     D:9: 1718 daAuts
     D:2: 1673 daAuts
     D:3: 1541 daAuts
     D:4: 1508 daAuts
     D:6: 1209 daAuts
    D:10: 802 daAuts
 Abyss:1: 149 daAuts
  Temple: 109 daAuts
